FIQ, neutral male scurrid Tourist - | --## --}} |}}}}}}}}}... # +}....`......... |.| |}}}}}}}}...}.....^^^^^^^^^^ -- --}}.}}}.. --- |}}}}}. |}}}} |}} | FIQ the Rambler Experience level: 1 Strength: 12 Dexterity: 14 Constitution: 14 Intelligence: 14 Wisdom: 10 Charisma: 10 Health: 9(9) Energy: 2(2) Def: 0 Gold: 925 Moves: 1381 Dungeon seed: vvAt50IplVy5wWex Game ID: FIQ_1498601598 Your Inventory: Coins $ - 925 gold pieces Weapons a - 44 uncursed rusty +2 darts (in quiver) Armor e - a blessed +0 Hawaiian shirt (being worn) Comestibles b - an uncursed candy bar c - 2 uncursed eggs d - an uncursed food ration f - 2 uncursed tripe rations g - 3 uncursed chestnuts h - an uncursed fortune cookie Scrolls k - 4 uncursed scrolls of blank paper Potions i - a blessed diluted potion of extra healing j - an uncursed diluted potion of extra healing Wands n - an uncursed wand of secret door detection (0:15) Tools l - an uncursed expensive camera (0:40) m - an uncursed credit card o - an uncursed towel Spells and supernatural/magical abilities: Name Level Category Fail Memory W - pray for help -- divine ? -- Your skills at the end: Miscellaneous Skills wands [Basic] Weapon Skills dart [Basic] Spellcasting Skills Final Attributes: You were devoutly aligned. You had infravision. You were very stealthy. You are dead. Vanquished creatures: a doppelganger an electric eel a Woodland-elf 3 creatures vanquished. Voluntary challenges: You went without food. You did not adorn yourself with jewelry or accessories. You did not cause conflict. You were not invisible. You did not have reflection. You were not displaced. You were an atheist. You never hit with a wielded weapon. You were a pacifist. You did not use tools. You did not use plumbed fixtures. You did not drink any magical draughts. You were illiterate. You never genocided any monsters. You never polymorphed an object. You never changed form. You used no wishes. You never split a pudding. You never wrote Elbereth's name. You never violated your personal moral code. Dungeon overview: The Dungeons of Doom: levels 1 to 31 Level 1 a long staircase Level 2 Level 3 Level 4 Level 5 a sink Level 6 Level 7 Level 8 a fountain Level 9 Level 10 Level 11 Level 12 Level 13 Level 14 Level 15 Level 16 Level 17 Level 18 Level 19 Level 20 a fountain Level 21 Level 22 Level 23 Level 24 Level 25 Level 26 Level 27 Level 28 Level 29 Level 30 Level 31 <- You were here a tree History has recorded: On T:1 you entered the Dungeons of Doom to retrieve the Amulet of Yendor! On T:6 you reached level 3 of The Dungeons of Doom. On T:8 you reached level 4 of The Dungeons of Doom. On T:10 you reached level 5 of The Dungeons of Doom. On T:13 you reached level 6 of The Dungeons of Doom. On T:15 you reached level 7 of The Dungeons of Doom. On T:17 you reached level 8 of The Dungeons of Doom. On T:19 you reached level 9 of The Dungeons of Doom. On T:22 you reached level 10 of The Dungeons of Doom. On T:25 you reached level 11 of The Dungeons of Doom. On T:28 you reached level 12 of The Dungeons of Doom. On T:30 you reached level 13 of The Dungeons of Doom. On T:32 you reached level 14 of The Dungeons of Doom. On T:34 you reached level 15 of The Dungeons of Doom. On T:37 you reached level 16 of The Dungeons of Doom. On T:39 you reached level 17 of The Dungeons of Doom. On T:39 you entered the Rogue tribute level. On T:41 you reached level 18 of The Dungeons of Doom. On T:43 you reached level 19 of The Dungeons of Doom. On T:47 you reached level 20 of The Dungeons of Doom. On T:49 you reached level 21 of The Dungeons of Doom. On T:52 you reached level 22 of The Dungeons of Doom. On T:54 you reached level 23 of The Dungeons of Doom. On T:56 you reached level 24 of The Dungeons of Doom. On T:58 you reached level 25 of The Dungeons of Doom. On T:61 you reached level 26 of The Dungeons of Doom. On T:66 you reached level 27 of The Dungeons of Doom. On T:68 you reached level 28 of The Dungeons of Doom. On T:70 you reached level 29 of The Dungeons of Doom. On T:73 you reached level 30 of The Dungeons of Doom. On T:75 you reached The Castle. Score breakdown: Gold: 0 ( 0 points) Experience: 1 level ( 0 points) Exploration: 31 levels ( 900 points) Discoveries: 1 item ( 50 points) Variety of kills: 3 monsters ( 150 points) Major goal: (nothing yet) ( 0 points) Survival: died (score multiplied by 3) Total score: 3300 Latest messages: The ground here is too hard to dig in. You faint from lack of food. You come to. You have no weapon equipped. You continue digging downward. The ground here is too hard to dig in. You faint from lack of food. You come to. You have no weapon equipped. You continue digging downward. The ground here is too hard to dig in. You faint from lack of food. You come to. You have no weapon equipped. You continue digging downward. The ground here is too hard to dig in. You faint from lack of food. You come to. You have no weapon equipped. You continue digging downward. The ground here is too hard to dig in. You faint from lack of food. You die from starvation. Final status: Aloha FIQ the Tourist, died of starvation, while fainted from lack of food... You starved in The Dungeons of Doom on dungeon level 31 with 3300 points, and 925 pieces of gold, after 1381 moves. You were level 1 with a maximum of 9 hit points when you starved.